Map: Traitor's Exile

Players

mudDOG

  • Race: Zerg Zerg
  • League: Platinum
  • Spawn Location: 6:00

cjw

  • Race: Zerg Zerg
  • Spawn Location: 5:00

MonstroTown - Winner!

  • Race: Terran Terran
  • Spawn Location: 9:00

Michael - Winner!

  • Race: Zerg Zerg
  • League: Platinum
  • Spawn Location: 12:00

VOD

Have the link to the VOD?

Description

Time

  • Played on: Oct. 9, 2018, 7:17 p.m.
  • Length: 16:49
Show
View Real Time Build Order
Export as new Build Order

mudDOG Zerg 

Build Orders: Pool First 

Get SALT Encoding   

  12  0:01  Drone  
  13  0:08  Drone  
  14  0:28  Spawning Pool  
  13  0:31  Extractor  
  13  0:33  Drone  
  13  0:41  Overlord  
  13  0:49  Drone  
  14  1:06  Drone  
  15  1:15  Queen  
  17  1:38  Hatchery  
  16  1:44  Drone  
  16  1:46  Drone  
  18  2:14  Roach Warren  
  17  2:31  Overlord  
  17  2:33  Drone x4  
  17  2:35  Zergling x2  
  22  2:55  Roach  
  22  2:56  Roach x3  
  30  3:14  Queen  
  32  3:34  Overlord x2  
  32  3:36  Roach x2  
  36  3:44  Lair  
  41  3:55  Drone x5  
  41  4:11  Evolution Chamber  
  41  4:13  Evolution Chamber  
  41  4:17  Roach x2  
  41  4:19  Drone  
  44  4:30  Drone x3  
  47  4:31  Drone  
  47  4:36  Overlord  
  48  4:42  Zerg Missile Weapons Level 1  
  48  4:46  Glial Reconstitution  
  48  4:52  Spore Crawler  
  47  5:00  Zerg Ground Armor Level 1  
  47  5:05  Overlord  
  47  5:06  Drone  
  48  5:10  Extractor  
  48  5:13  Extractor  
  46  5:14  Drone x2  
  46  5:15  Extractor, Drone  
  48  5:26  Roach  
  48  5:27  Roach x2  
  54  5:35  Roach  
  53  5:48  Roach  
  46  5:50  Zergling x12  
  41  6:00  Roach  
  41  6:01  Roach  
  39  6:24  Roach x2  
  36  6:54  Hatchery  
  36  6:59  Queen  
  37  7:07  Roach x2  
  41  7:19  Roach x2  
  45  7:55  Overlord  
  45  8:06  Roach  
  45  8:07  Roach  
  45  8:08  Roach x2  
  45  8:09  Roach  
  54  8:21  Zerg Missile Weapons Level 2  
  52  8:34  Roach x2  
  52  8:35  Roach  
  54  8:42  Roach x2  
  56  8:58  Roach x2  
  56  8:59  Roach x2  
  64  9:08  Queen  
  64  9:09  Overlord  
  66  9:28  Roach  
  66  9:29  Roach x3  
  74  9:38  Roach x3  
  78  10:06  Roach x3  
  78  10:07  Roach  
  84  10:19  Overlord  
  84  10:20  Overlord x2  
  74  10:44  Roach x6  
  74  10:45  Roach  
  74  10:47  Roach x2  
  52  11:25  Roach x4  
  56  11:26  Roach x3  
  62  11:33  Roach x2  
  66  11:46  Drone x2  
  68  11:53  Overseer  
  68  11:56  Roach x6  
  68  11:57  Roach  
  82  12:20  Roach x5  
  88  12:29  Roach x3  
  66  12:39  Roach x3  
  40  12:57  Roach  
  40  12:58  Roach x2  
  31  13:10  Roach x2  
  33  13:18  Roach  
  33  13:31  Roach  
  29  13:39  Roach  
  31  13:45  Roach  
  33  14:04  Roach x2  
  33  14:10  Roach  
  35  14:18  Roach  
  37  14:34  Roach  
  39  14:40  Roach  
  43  14:52  Roach  
  43  15:03  Roach x2  
  47  15:21  Roach  
Show
View Real Time Build Order
Export as new Build Order

cjw Zerg 

Build Orders: Hatch First 

Get SALT Encoding   

  12  0:01  Drone  
  13  0:10  Drone  
  14  0:18  Overlord  
  14  0:48  Drone  
  15  0:52  Hatchery  
  14  0:57  Overlord  
  14  1:12  Spawning Pool  
  14  1:14  Drone  
  14  1:19  Extractor  
  14  1:20  Drone  
  14  1:25  Drone  
  15  1:30  Drone  
  16  1:40  Drone  
  17  1:47  Drone  
  18  2:01  Queen, Zergling x2  
  21  2:04  Queen  
  21  2:07  Drone  
  24  2:13  Zergling x2  
  25  2:27  Drone x2  
  27  2:36  Zergling x4  
  29  2:42  Drone  
  29  2:48  Drone  
  29  2:50  Lair  
  30  2:52  Zergling x4  
  31  3:14  Drone  
  31  3:15  Drone  
  33  3:20  Drone x2  
  33  3:21  Extractor  
  33  3:25  Metabolic Boost  
  34  3:28  Drone  
  34  3:31  Extractor  
  34  3:42  Drone  
  34  3:43  Overlord  
  34  3:44  Hatchery  
  34  3:53  Drone  
  35  3:56  Overlord  
  35  3:57  Pneumatized Carapace  
  35  4:12  Drone x3  
  38  4:17  Extractor, Drone x2  
  38  4:18  Drone  
  38  4:20  Overlord  
  40  4:24  Spire  
  40  4:28  Zergling x2  
  40  4:29  Zergling x2  
  41  4:37  Drone x2  
  43  4:47  Drone x2  
  43  4:48  Drone  
  43  4:49  Drone  
  43  4:50  Drone  
  48  4:56  Drone  
  48  4:57  Drone  
  51  5:00  Drone  
  51  5:10  Overlord  
  51  5:13  Queen  
  53  5:14  Drone  
  53  5:16  Drone  
  53  5:19  Drone  
  52  5:37  Mutalisk  
  52  5:38  Mutalisk x4  
  52  5:41  Mutalisk  
  63  5:50  Mutalisk x2  
  63  5:51  Mutalisk  
  68  6:01  Mutalisk  
  70  6:10  Mutalisk  
  72  6:11  Overlord  
  72  6:13  Overlord  
  72  6:38  Mutalisk x3  
  78  6:53  Drone x6  
  78  6:54  Drone  
  85  6:58  Extractor  
  84  7:02  Extractor  
  83  7:13  Drone x3  
  86  7:20  Mutalisk x2  
  78  8:03  Mutalisk  
  78  8:04  Mutalisk x3  
  84  8:05  Mutalisk  
  84  8:06  Mutalisk x2  
  80  8:25  Zergling x2  
  69  8:58  Mutalisk  
  69  8:59  Mutalisk x2  
  69  9:00  Mutalisk  
  69  9:01  Mutalisk x4  
  85  9:04  Zergling x10  
  85  9:09  Infestation Pit  
  89  9:13  Overlord  
  89  9:14  Overlord x3  
  75  10:34  Mutalisk  
  75  10:35  Mutalisk x2  
  77  10:36  Mutalisk  
  77  10:37  Mutalisk x8  
  77  10:40  Zergling x6  
  94  10:49  Drone  
  91  10:54  Hive  
  91  10:56  Drone  
  90  10:58  Drone  
  87  11:26  Hatchery  
  87  11:29  Hatchery  
  87  11:32  Mutalisk x5, Spire  
  86  11:38  Mutalisk  
  96  11:46  Overlord x3  
  96  11:47  Overlord x2  
  96  11:59  Corruptor  
  96  12:00  Corruptor x3  
  104  12:14  Zergling x2  
  104  12:15  Zergling x6  
  93  12:27  Zergling x2  
  93  12:28  Zergling x18  
  79  12:31  Zergling x2  
  79  12:32  Zergling x8  
  79  12:34  Greater Spire  
  79  12:35  Zergling x2  
  79  12:36  Zergling x4  
  87  12:46  Zergling x2  
  87  12:47  Zergling x4  
  87  12:48  Adrenal Glands  
  90  12:53  Zergling x2  
  90  12:54  Zergling x4  
  90  12:55  Overlord x3  
  93  13:01  Zergling x12  
  99  13:08  Mutalisk  
  101  13:19  Zergling x6  
  98  13:21  Zergling x2  
  98  13:22  Zergling x6  
  98  13:27  Zergling x24  
  79  13:28  Zergling x2  
  83  13:39  Corruptor x3  
  82  13:47  Corruptor  
  82  13:48  Corruptor x7  
  69  14:11  Brood Lord  
  69  14:12  Brood Lord x2  
  69  14:13  Corruptor  
  79  14:24  Brood Lord x2  
  79  14:25  Brood Lord  
  75  14:56  Zergling x8  
  75  14:57  Zergling x26  
  92  15:05  Brood Lord  
  72  15:40  Corruptor x4  
  75  15:49  Zergling x2  
  72  15:50  Zergling x6  
  73  16:00  Brood Lord  
  69  16:22  Zergling x2  
  69  16:23  Zergling x12  
  67  16:32  Zergling x4  
Show
View Real Time Build Order
Export as new Build Order

MonstroTown Terran - Winner!

Build Orders:  

Get SALT Encoding   

  12  0:01  SCV  
  13  0:13  SCV  
  14  0:19  Supply Depot  
  14  0:25  SCV  
  15  0:40  SCV  
  15  0:41  Barracks  
  16  0:47  Refinery  
  16  0:52  SCV  
  17  1:04  SCV  
  18  1:16  SCV  
  19  1:19  Refinery  
  19  1:28  SCV  
  19  1:30  Reaper  
  19  1:32  Barracks  
  21  1:42  Orbital Command  
  21  1:57  Factory  
  21  2:04  Reaper  
  21  2:21  SCV  
  22  2:24  Supply Depot  
  22  2:27  Barracks Tech Lab  
  22  2:33  Engineering Bay, SCV  
  23  2:45  Marine  
  25  2:51  Marauder  
  25  2:53  Hellion  
  25  2:57  SCV  
  28  3:00  Concussive Shells  
  29  3:12  Marauder  
  29  3:13  Barracks Tech Lab  
  29  3:15  Hellion  
  31  3:26  Supply Depot  
  31  3:37  Factory  
  31  3:47  SCV  
  31  3:48  Marauder, Hellion  
  36  3:50  Armory  
  36  3:52  Marauder  
  38  4:16  Supply Depot  
  38  4:38  Hellion x2, Marauder x2  
  46  4:45  Command Center  
  46  4:52  Terran Vehicle Weapons Level 1  
  46  4:55  Terran Infantry Weapons Level 1  
  46  5:00  SCV  
  47  5:13  Supply Depot  
  47  5:17  Hellion  
  47  5:18  Hellion  
  51  5:36  Marauder  
  51  5:37  Marauder  
  50  5:51  Widow Mine x2  
  52  5:57  Marine  
  53  6:14  Hellbat x2  
  60  6:19  Marine x2  
  60  6:21  Missile Turret  
  60  6:23  Missile Turret, Orbital Command  
  60  6:25  SCV  
  42  6:37  SCV  
  37  6:43  Factory Tech Lab x2  
  37  6:45  Stimpack  
  37  6:50  Barracks  
  37  6:53  SCV x2, Starport  
  39  7:03  Supply Depot  
  39  7:08  Marine x2  
  41  7:27  SCV x2  
  43  7:31  Refinery  
  43  7:39  Thor  
  43  7:42  SCV x2  
  51  7:54  SCV x2  
  51  7:55  Barracks Reactor  
  52  8:06  SCV  
  52  8:17  Medivac  
  50  8:37  Marine x2  
  50  8:38  Marauder  
  50  8:39  Marauder  
  53  8:44  Thor  
  57  8:54  Medivac  
  53  9:02  SCV x2  
  55  9:05  Refinery  
  55  9:08  Marine  
  55  9:09  Marine x3  
  59  9:14  SCV x2  
  61  9:17  Thor  
  61  9:22  Barracks  
  61  9:23  Barracks  
  67  9:26  SCV, Barracks  
  67  9:27  SCV  
  69  9:36  Marine x4  
  70  9:54  Marine  
  70  9:56  SCV  
  70  9:57  SCV  
  73  10:04  Marine x3  
  76  10:07  Medivac  
  76  10:08  Thor  
  76  10:09  SCV x2  
  86  10:36  Supply Depot  
  86  10:41  Marine  
  86  10:58  SCV, Medivac, Marine x4  
  94  11:04  Command Center  
  94  11:09  Barracks Reactor, Marine  
  94  11:11  Barracks Reactor  
  94  11:29  Supply Depot  
  94  11:30  Supply Depot  
  94  11:31  Supply Depot  
  94  11:33  SCV x2, Marine x5  
  94  11:38  Thor  
  107  11:45  SCV  
  108  11:47  Combat Shields  
  108  11:55  Marauder x2, Marine x2  
  114  12:02  Marine  
  114  12:03  Marine x3  
  118  12:16  Marauder  
  118  12:18  Missile Turret  
  118  12:21  Thor  
  125  12:28  Terran Infantry Armor Level 1, Marine x3  
  125  12:29  Marine x3  
  121  12:43  Thor, Marine x2  
  128  12:54  Marine x6  
  134  13:10  Orbital Command  
  134  13:18  Refinery  
  134  13:21  Refinery  
  129  13:30  Marine x6  
  127  13:41  Marine x3  
  125  13:47  Marine  
  125  13:48  Marine  
  130  13:51  Marine x3  
  124  14:12  Marine  
  124  14:13  Marine x6  
  124  14:14  Marine  
  124  14:16  Marine  
  133  14:19  Thor  
  139  14:30  Marine x2  
  137  14:32  Marine  
  137  14:33  Marine x4  
  111  15:09  Marine x2  
  111  15:10  Thor, Marine x2  
  111  15:11  Thor  
  127  15:15  Marine x4  
  110  15:32  Marine x3  
  110  15:33  Marine x5  
  110  15:34  Marauder  
  84  15:50  Marine x4  
  84  15:51  Marine x3  
  84  15:52  Marauder  
  84  15:55  Marauder  
  95  16:08  Marine x4  
  95  16:09  SCV  
  95  16:10  SCV x2  
  108  16:21  SCV  
Show
View Real Time Build Order
Export as new Build Order

Michael Zerg - Winner!

Build Orders: Pool First 

Get SALT Encoding   

  12  0:01  Drone  
  13  0:13  Overlord  
  13  0:18  Drone  
  14  0:31  Drone x2  
  14  0:35  Drone  
  17  0:41  Extractor  
  16  0:45  Drone  
  17  0:53  Spawning Pool  
  17  0:57  Drone  
  17  1:07  Drone  
  18  1:26  Hatchery  
  18  1:28  Drone  
  18  1:40  Queen  
  18  1:43  Zergling x2  
  21  1:47  Zergling x2  
  22  1:54  Metabolic Boost  
  22  2:10  Overlord  
  22  2:29  Queen  
  22  2:31  Drone  
  22  2:32  Drone x2  
  27  2:40  Queen  
  29  2:51  Drone x3  
  30  2:57  Drone  
  33  2:58  Spine Crawler  
  33  2:59  Drone  
  33  3:02  Drone  
  32  3:18  Lair, Spine Crawler  
  32  3:19  Drone  
  32  3:22  Drone  
  33  3:36  Extractor, Drone x2  
  33  3:37  Roach Warren  
  33  3:39  Drone  
  34  3:45  Drone  
  34  3:46  Drone  
  36  3:50  Overlord  
  36  3:53  Overlord  
  36  4:03  Overlord  
  36  4:08  Drone x4  
  40  4:24  Hatchery  
  40  4:26  Roach x2  
  40  4:29  Roach  
  45  4:33  Roach  
  45  4:36  Roach  
  49  4:45  Roach x3  
  55  4:48  Roach  
  55  4:52  Glial Reconstitution  
  57  4:57  Evolution Chamber  
  56  5:12  Queen x2  
  56  5:51  Roach x5  
  56  5:54  Overlord x4  
  64  5:58  Spire  
  64  6:00  Hydralisk Den  
  64  6:02  Spore Crawler  
  61  6:10  Roach x2  
  61  6:29  Spore Crawler  
  61  6:30  Spore Crawler  
  59  6:33  Spore Crawler  
  58  6:40  Spore Crawler x2  
  58  6:46  Muscular Augments  
  58  6:47  Spore Crawler  
  51  6:48  Drone x4  
  51  6:50  Drone, Spore Crawler x2  
  55  6:54  Drone  
  55  7:11  Hydralisk x2  
  55  7:14  Hydralisk  
  61  7:21  Hydralisk  
  63  7:36  Hydralisk x3  
  68  7:51  Hydralisk  
  68  7:52  Hydralisk x2  
  68  7:56  Hydralisk  
  76  8:05  Drone x3  
  59  8:36  Hydralisk x5  
  57  8:44  Roach  
  51  8:59  Hatchery  
  51  9:01  Hydralisk  
  51  9:02  Hydralisk  
  54  9:05  Roach  
  54  9:07  Drone x2  
  58  9:10  Drone  
  58  9:12  Drone  
  58  9:16  Hydralisk  
  62  9:26  Drone x2  
  62  9:27  Drone x2  
  66  9:34  Drone x4  
  66  9:37  Drone  
  71  9:48  Hydralisk x2  
  55  10:08  Roach x7  
  55  10:09  Roach  
  60  10:18  Roach x2  
  56  10:34  Roach x3  
  58  10:47  Roach  
  46  11:06  Hatchery  
  42  11:47  Hydralisk x3  
  48  11:54  Hatchery  
  48  11:55  Hatchery  
  48  12:01  Roach  
  48  12:13  Hydralisk  
  44  12:28  Roach  
  44  12:29  Roach  
  40  12:50  Queen  
  40  12:55  Drone  
  37  13:08  Roach  
  29  13:21  Roach  
  29  13:26  Drone  
  29  13:27  Drone  
  29  13:32  Drone  
  30  13:38  Drone x6  
  30  13:39  Drone x2  
  38  13:47  Drone  
  39  13:49  Drone  
  39  13:54  Drone  
  39  14:09  Roach x3  
  43  14:13  Drone  
  43  14:14  Drone  
  45  14:17  Drone  
  45  14:19  Drone  
  47  14:26  Drone x2  
  47  14:27  Drone  
  50  14:38  Roach x3  
  56  14:41  Roach  
  56  14:44  Roach  
  60  14:47  Hydralisk  
  62  15:04  Roach x5  
  62  15:05  Roach  
  74  15:08  Drone x2  
  74  15:11  Hydralisk x5  
  80  15:28  Roach x5  
  80  15:35  Overlord x3  
  74  15:56  Hydralisk  
  70  15:57  Hydralisk x5  
  70  15:58  Hydralisk  
  82  16:06  Zergling x8  
  84  16:21  Roach  
  84  16:22  Roach x5  
  84  16:23  Roach  
  94  16:32  Zergling x6  
Tags
 
Add a new tag
Caveats
  • Supply blocks, unpowered buildings, or Contaminate may cause inaccurate times.
  • Supply counts are checked every 10 seconds.